 Dungeon Crawl Stone Soup version 0.25.1-2-g60ff931df9 (webtiles) character file.

Game seed: 10624055217034684220

167 Peloso the Skirmisher (level 5, 42/42 HPs)
             Began as a Demonspawn Fighter on Aug 31, 2020.
             Got out of the dungeon alive.
             The game lasted 00:03:54 (2327 turns).

Peloso the Skirmisher (Demonspawn Fighter)          Turns: 2327, Time: 00:03:55

Health: 42/42      AC: 12    Str: 17    XL:     5   Next: 23%
Magic:  5/5        EV:  2    Int:  9    God:
Gold:   141        SH: 10    Dex: 13    Spells: 4/4 levels left

rFire    . . .     SeeInvis .   a - +0 long sword
rCold    . . .     Gourm    .   c - +1 kite shield
rNeg     . . .     Faith    .   i - +0 plate armour
rPois    .         Spirit   .   (helmet restricted)
rElec    .         Reflect  .   (no cloak)
rCorr    .         Harm     .   k - +0 pair of gloves
MR       .....                  (no boots)
Stlth    ..........             (no amulet)
HPRegen  0.14/turn              (no ring)
MPRegen  0.09/turn              (no ring)

@: no status effects
A: horns 1, spiny 2, sanguine armour 1
a: no special abilities


You escaped.
You were hungry.

You visited 1 branch of the dungeon, and saw 3 of its levels.

You collected 141 gold pieces.

Inventory:

Hand Weapons
 a - a +0 long sword (weapon)
Armour
 b - a +0 scale mail
 c - a +1 kite shield (worn)
 i - a +0 plate armour (worn)
 k - a +0 pair of gloves (worn)
Wands
 q - a wand of flame (22)
Scrolls
 e - a scroll of identify
 h - a scroll of teleportation
 j - a scroll of remove curse
 l - a scroll of fear {unknown}
Potions
 d - a potion of might
 m - 2 potions of lignification {unknown}
 n - 2 potions of curing {unknown}
 o - 2 potions of magic {unknown}
 p - a potion of degeneration {unknown}
Comestibles
 f - 7 rations


   Skills:
 + Level 3.8 Fighting
 + Level 2.9 Long Blades
 + Level 3.6 Armour
 + Level 3.5 Shields


You had 4 spell levels left.
You didn't know any spells.
Your spell library was empty.

Dungeon Overview and Level Annotations

Branches:
Dungeon (3/15)

Altars:
Cheibriados
Kikubaaqudgha

Annotations:
D:3 1 runed translucent door, Crazy Yiuf


Innate Abilities, Weirdness & Mutations

You have a pair of small horns on your head.
You are mostly covered in sharp spines.
When seriously injured, your bleeding wounds create armour. (AC +0)


Message History

There is a stone staircase leading down here.
There is an escape hatch in the ceiling here.
There is a stone staircase leading up here.
There is a stone staircase leading up here.
You climb upwards.
There is a stone staircase leading down here.
You see here a +0 club.
There is an open door here.
All of the chunks of flesh in your inventory have rotted away.
There is an open door here.
You are feeling hungry.
(D) Dungeon
Where to? (Enter - D:1 @ (x,y), ? - help)
You see here a +0 club.
There is an open door here.
You see here a hand axe.
There is an open door here.
There is a staircase leading out of the dungeon here.
Are you sure you want to leave the Dungeon?
This will make you lose the game!
You have escaped!

#.##.#.........#.#.........#.##
...#.#.........')'.........#..###
.....#.........#.#.........#..'..
...#.##.......##.##.......##..###
..>..####....###'####...###..##
.##### #'#####...#####'##..## .#
##.###.......###.##.## .#
#...#.........#...### .#
#...+....@....+...# .#
#...#.........#...# .#
##.###.......###..### .#
#.#####...#####.##.## .#
#..#####+#####..#...# ##
##.............##..##
################.#######
#....................
#############.#######


There were no monsters in sight!

Vanquished Creatures
  Jessica (D:3)
  6 gnolls
  2 adders
  2 dart slugs
  2 leopard geckos
  3 orcs (D:3)
  2 ball pythons (D:1)
  2 giant cockroaches
  9 goblins
  5 hobgoblins
  4 jackals (D:3)
  2 quokkas (D:2)
  2 bats (D:1)
  A frilled lizard (D:1)
  4 kobolds
  6 rats
53 creatures vanquished.

Notes
Turn   | Place    | Note
-------+----------+-------------------------------------------
     0 | D:1      | Peloso the Demonspawn Fighter began the quest for the Orb.
     0 | D:1      | Reached XP level 1. HP: 18/18 MP: 1/1
   292 | D:1      | Gained mutation: You are partially covered in sharp spines.
                  | [demonic ancestry]
   292 | D:1      | Reached XP level 2. HP: 17/24 MP: 2/2
  1093 | D:2      | Gained mutation: When seriously injured, your bleeding
                  | wounds create armour. (AC +0) [demonic ancestry]
  1093 | D:2      | Reached XP level 3. HP: 20/29 MP: 3/3
  1220 | D:2      | Found an ancient bone altar of Kikubaaqudgha.
  1241 | D:2      | Found a snail-covered altar of Cheibriados.
  1337 | D:2      | Gained mutation: You are mostly covered in sharp spines.
                  | [demonic ancestry]
  1337 | D:2      | Reached XP level 4. HP: 34/36 MP: 4/4
  2086 | D:3      | Found a runed translucent door.
  2087 | D:3      | Noticed Crazy Yiuf
  2123 | D:3      | Noticed Jessica
  2131 | D:3      | Gained mutation: You have a pair of small horns on your
                  | head. [demonic ancestry]
  2131 | D:3      | Reached XP level 5. HP: 41/42 MP: 5/5
  2145 | D:3      | Killed Jessica
  2327 | D:$      | Got out of the dungeon alive.

Illustrated notes

Levels and vault maps discovered:
D:1:      dpeg_arrival_three_smaller_balls, layout_loops_corners
D:2:      layout_loops_ring, minitemple
D:3:      layout_loops_ring, first_ration, uniq_jessica, uniq_grinder,
          uniq_crazy_yiuf_cottage

Skill      XL: |  1  2 |
---------------+-------+-----
Shields        | 3 |  3.5
Long Blades    | 2 |  2.9
Armour         | 3 |  3.6
Fighting       | |  3.8

Action                   |  1- 3 |  4- 6 || total
-------------------------+-------+-------++-------
Melee: Long sword        |    79 |    62 ||   141
       Headbutt          |       |     2 ||     2
  Use: Scroll            |     3 |       ||     3
       Potion            |     2 |       ||     2
  Eat: Chunk             |     1 |     3 ||     4
Armor: Scale mail        |    32 |       ||    32
       Plate armour      |     3 |    39 ||    42
Dodge: Dodged            |    24 |     5 ||    29
Block: Kite shield       |    34 |    36 ||    70
       Rpst.: Long sword |     7 |     2 ||     9
